 Dungeon Crawl Stone Soup version 0.29-a0-393-g47a863cc1b (console) character file.

Game seed: 703673116109196318

80984 mea the Stormcaller (level 16, -2/111 HPs)
             Began as a Human Wanderer on May 10, 2022.
             Was a High Priest of Sif Muna.
             Slain by Zaklogox's ghost (22 damage)
             ... on level 12 of the Dungeon.
             The game lasted 01:30:17 (34011 turns).

mea the Stormcaller (Human Wanderer)               Turns: 34011, Time: 01:30:18

Health: -2/111     AC: 10    Str: 17    XL:     16   Next: 16%
Magic:  27/30      EV: 15    Int: 27    God:    Sif Muna [*****.]
Gold:   2153       SH:  0    Dex: 19    Spells: 2/35 levels left

rFire   + . .      SeeInvis .   q - +2 lajatang (freeze)
rCold   + . .      Faith    .   (shield currently unavailable)
rNeg    + . .      Spirit   .   j - +2 robe {rC+ rF+}
rPois   .          Reflect  .   E - +1 hat {Will+}
rElec   .          Harm     .   F - +2 cloak
rCorr   .          Rampage  .   X - +0 pair of gloves of the Heron {rN+ Dex+3}
Will    +++..                   N - +0 pair of boots
Stlth   ++........              l - amulet of the Lily {Will+ Regen+ Str+4 Dex+4}
HPRegen 1.08/turn               g - +6 ring of intelligence
MPRegen 0.22/turn               J - ring of flight

@: flying, very slightly contaminated
A: no striking features
a: Renounce Religion, Channel Magic, Forget Spell, Divine Exegesis


You were on level 12 of the Dungeon.
You worshipped Sif Muna.
Sif Muna was extremely pleased with you.
You visited 4 branches of the dungeon, and saw 21 of its levels.
You also visited: Bailey and Ice Cave.

You collected 3180 gold pieces.
You spent 1027 gold pieces at shops.

Inventory:

Hand Weapons
 a - a +1 spectral short sword
 n - a +0 spear of venom
 q - a +2 lajatang of freezing (weapon)
Missiles
 h - 21 poisoned darts (quivered)
Armour
 j - a +2 robe of resistance (worn)
 E - a +1 hat of willpower (worn)
 F - a +2 cloak (worn)
 N - a +0 pair of boots (worn)
 X - the +0 pair of gloves of the Heron (worn) {rN+ Dex+3}
   (You found it on level 4 of the Lair of Beasts)

   Dex:       It affects your dexterity (+3).
   rN:        It protects you from negative energy.
Jewellery
 d - a ring of ice
 f - a ring of protection from fire
 g - a +6 ring of intelligence (left hand)
 l - the amulet of the Lily (around neck) {Will+ Regen+ Str+4 Dex+4}
   (You bought it in a shop on level 3 of the Dungeon)

   [amulet of regeneration]

   Str:       It affects your strength (+4).
   Dex:       It affects your dexterity (+4).
   Regen:     It increases your rate of health regeneration.
   Will:      It increases your willpower.
 s - a ring of wizardry
 y - a ring of see invisible
 J - a ring of flight (right hand)
 S - a ring of willpower
 V - a ring of willpower
 W - an amulet of faith
Wands
 c - a wand of paralysis (8)
 I - a wand of iceblast (10)
 K - a wand of flame (2)
 Q - a wand of mindburst (9)
 T - a wand of polymorph (7)
 U - a wand of charming (1)
Scrolls
 b - 17 scrolls of teleportation
 m - 3 scrolls of immolation
 o - 2 scrolls of fear
 u - 6 scrolls of enchant armour
 v - 2 scrolls of silence
 w - 2 scrolls of enchant weapon
 x - 3 scrolls of identify
 C - 3 scrolls of brand weapon
 G - 2 scrolls of amnesia
 H - 3 scrolls of poison
 O - a scroll of vulnerability
Potions
 e - a potion of heal wounds
 i - 4 potions of lignification
 k - a potion of curing
 p - a potion of brilliance
 r - a potion of cancellation
 t - a potion of invisibility
 z - 2 potions of might
 A - 5 potions of mutation
 B - 5 potions of haste
 D - 4 potions of attraction
 L - 4 potions of berserk rage
 M - 3 potions of magic
Miscellaneous
 P - a box of beasts (inert)
 R - a phantom mirror (inert)


   Skills:
 + Level 5.7 Fighting
 - Level 2.0 Throwing
 - Level 5.0 Dodging
 - Level 1.0 Stealth
 + Level 10.3 Spellcasting
 - Level 9.0 Conjurations
 - Level 2.0 Hexes
 - Level 9.0 Summonings
 * Level 3.6 Translocations
 - Level 7.0 Ice Magic
 + Level 16.3 Air Magic
 - Level 11.0 Invocations
 - Level 4.0 Evocations


You had 2 spell levels left.
You knew the following spells:

 Your Spells              Type           Power      Damage    Failure   Level
a - Static Discharge      Conj/Air       70%        N/A       1%          2
b - Summon Forest         Summ/Tloc      24%        N/A       9%          5
c - Summon Ice Beast      Ice/Summ       55%        N/A       1%          4
d - Summon Lightning Spi  Summ/Air       70%        N/A       1%          4
e - Freezing Cloud        Conj/Ice/Air   32%        6-21      1%          5
f - Lightning Bolt        Conj/Air       35%        1d53      1%          5
P - Maxwell's Capacitive  Air            40%        ∞         34%         8

Your spell library contained the following spells:

 Spells                   Type           Power      Damage    Failure   Level
 Magic Dart               Conj           100%       1d8       1%          1
 Shock                    Conj/Air       100%       1d9       1%          1
 Slow                     Hex            96%        N/A       1%          1
 Summon Small Mammal      Summ           100%       N/A       1%          1
 Blink                    Tloc           66%        N/A       1%          2
 Call Imp                 Summ           58%        N/A       1%          2
 Corpse Rot               Necr/Air       100%       N/A       1%          2
 Ensorcelled Hibernation  Hex/Ice        76%        N/A       1%          2
 Poisonous Vapours        Pois/Air       100%       N/A       1%          2
 Pain                     Necr           52%        1d6       4%          1
 Mephitic Cloud           Conj/Pois/Air  56%        N/A       1%          3
 Ozocubu's Armour         Ice            51%        N/A       1%          3
 Hailstorm                Conj/Ice       55%        3d12      1%          4
 Lesser Beckoning         Tloc           33%        N/A       2%          3
 Teleport Other           Tloc           33%        N/A       2%          3
 Iskenderun's Battlesphe  Conj           58%        2d11      2%          5
 Portal Projectile        Hex/Tloc       58%        N/A       4%          3
 Confusing Touch          Hex            24%        N/A       5%          3
 Animate Armour           Summ/Erth      76%        N/A       6%          4
 Sticky Flame             Conj/Fire      38%        2d6       6%          4
 Ice Form                 Ice/Tmut       32%        N/A       10%         4
 Ignite Poison            Fire/Tmut/Pois 13%        N/A       12%         3
 Cause Fear               Hex            12%        N/A       19%         4
 Irradiate                Conj/Tmut      19%        3d19      19%         5
 Leda's Liquefaction      Hex/Erth       9%         N/A       26%         4
 Manifold Assault         Tloc           33%        N/A       26%         5
 Dispel Undead            Necr           13%        3d9       38%         4
 Spellforged Servitor     Conj/Summ      29%        N/A       65%         7
 Iron Shot                Conj/Erth      19%        9d4       69%         6
 Agony                    Necr           13%        N/A       75%         5
 Alistair's Intoxication  Tmut/Pois      8%         N/A       75%         5
 Blade Hands              Tmut           6%         N/A       75%         5
 Excruciating Wounds      Necr           6%         N/A       75%         5
 Lee's Rapid Deconstruct  Erth           6%         3d7*      75%         5
 Dispersal                Tloc           16%        N/A       82%         6
 Ozocubu's Refrigeration  Ice            25%        4d10      89%         7
 Death Channel            Necr           6%         N/A       99%         6
 Statue Form              Tmut/Erth      8%         N/A       99%         6
 Chain Lightning          Conj/Air       35%        3d46      100%        9
 Polar Vortex             Ice            25%        N/A       100%        9


Dungeon Overview and Level Annotations

Branches:
Dungeon (12/15)            Temple (1/1) D:5            Lair (6/6) D:9
 Shoals (0/4) Lair:3        Snake (0/4) Lair:4        Slime (0/5) Lair:6
    Orc (2/2) D:10            Elf (0/3) Orc:2        Bailey (visited)
  IceCv (visited)

Altars:
Ashenzari
Cheibriados
Dithmenos
Elyvilon
Fedhas
Gozag
Hepliaklqana
Kikubaaqudgha
Makhleb
Nemelex Xobeh
Okawaru
Qazlal
Ru
Sif Muna
Trog
Uskayaw
Vehumet
Wu Jian
Xom
Yredelemnul
Zin
The Shining One
Beogh
Lugonu

Shops:
D:3 =   D:7 !   Orc:2 !*=:

Portals:
Abyss: Lair:6

Annotations:
D:12 Zaklogox's ghost, journeyman MiFi
Lair:6 1 runed translucent door, pigah's ghost, journeyman OpAE
Orc:2 3 runed translucent doors, jimonade's ghost, journeyman DjCj


Message History

The centaur warrior howls, "Help!"
You closely miss Zaklogox's ghost.
You are no longer locked in place.
The centaur warrior seems to regain its courage.
The centaur warrior wields a +0 shortbow.
The centaur warrior shoots an arrow.
The arrow closely misses you.
The orc warrior cries, "Help!"
Zaklogox's ghost hits Zaklogox's ghost but does no damage.
Zaklogox's ghost hits you! Zaklogox's ghost freezes you.
The centaur warrior shoots an arrow.
The arrow hits your larval oxbat beast! Zaklogox's ghost barely misses you.
The orc knight gibbers meaninglessly.
Zaklogox's ghost hits Zaklogox's ghost but does no damage.
You take 17 damage, and have 47/111 hp.
You feel better.
Your larval oxbat beast barely misses Zaklogox's ghost.
Your larval oxbat beast tramples Zaklogox's ghost but does no damage.
The centaur warrior shoots an arrow.
The arrow hits your larval oxbat beast!
Your larval oxbat beast dies!
Your larval oxbat beast's corpse disappears in a puff of smoke!
Zaklogox's ghost hits Zaklogox's ghost but does no damage. x2
The centaur warrior shoots an arrow.
The arrow hits you.
You regained 2 hp, and now have 49/111 hp.
Zaklogox's ghost attacks as you move away!
Zaklogox's ghost hits you!
* * * LOW HITPOINT WARNING * * *
Zaklogox's ghost freezes you.
* * * LOW HITPOINT WARNING * * *
The centaur warrior shoots an arrow.
The arrow closely misses you.
Zaklogox's ghost hits Zaklogox's ghost but does no damage.
You take 17 damage, and have 32/111 hp.
The centaur warrior shoots an arrow.
The arrow hits you!
* * * LOW HITPOINT WARNING * * *
The centaur warrior shoots an arrow.
The arrow hits you!
* * * LOW HITPOINT WARNING * * *
You take 14 damage, and have 18/111 hp.
As you read the scroll of fear, it crumbles to dust.
You assume a fearsome visage.
The centaur warrior looks frightened!
Zaklogox's ghost is unaffected.
Zaklogox's ghost hits you!!
You die...

#.#...##..##.#..# #.######
#.....##..##.#..# ##.......
###...##..##.#..# ##...#####
#####.###..##.#..# ##.....##
##.###.# #........# ##.......##
#...##.#######....####.........##
......[..............'.........+.
#...##.#######....####.........##
##.###.# #.....@## ##....)..##
### #.# #.##.#W#######.....##
#####.# #.....W....# ##...##
#.....# #c.........# ##'##
#.##### #####'''#### #.# #.#
#.........# #.# #.# #.#8...8#.#
##.## #.# #....o....# ##...## #.#
#.#8...8#.# #.....#


You could see a centaur warrior (fleeing), an orc warrior (strong), Zaklogox's
ghost (ally target) and the friendly Zaklogox's ghost (summoned, drained).

Vanquished Creatures
  Gastronok (Lair:3)
  A boulder beetle (D:12)
  Josephine (Lair:6)
  4 hydras
  2 ogre magi (Orc:2)
  4 two-headed ogres
  A tengu warrior (D:11)
  Lodul (D:12)
  2 deep elf pyromancers (D:12)
  4 ugly things
  2 cyclopes
  3 slime creatures (D:12)
  An ice statue (IceCv)
  4 elephants (Lair:6)
  2 black mambas
  A gargoyle (D:11)
  5 cane toads
  2 smoke demons (Lair:6)
  3 komodo dragons
  A troll (D:10)
  An ancient zyme (Lair:6)
  2 polar bears
  17 blink frogs
  7 dream sheep (Lair:6)
  A spriggan (Lair:6)
  A wyvern (Lair:2)
  2 ynoxinuls (Lair:6)
  A hog (shapeshifter) (Lair:6)
  20 yaks
  3 basilisks
  Eustachio (D:5)
  6 vampire mosquitoes
  3 nagas (Lair:4)
  7 water moccasins
  A sky beast (D:8)
  A black bear (Lair:4)
  5 orc warriors
  14 ogres
  4 centaurs
  6 wolves
  2 two-headed ogre simulacra (IceCv)
  12 bullfrogs
  A necrophage (D:6)
  7 small abominations (Lair:6)
  A cane toad simulacrum (IceCv)
  7 killer bees
  A howler monkey (D:11)
  An electric eel (Lair:2)
  A hound (D:7)
  A gnoll shaman (D:3)
  4 orc priests
  3 iguanas
  5 orc wizards
  A troll simulacrum (IceCv)
  A spriggan simulacrum (IceCv)
  5 gnolls
  4 adders
  A white imp (IceCv)
  2 ufetubi
  A worm (D:2)
  5 dart slugs
  34 orcs
  3 ball pythons
  5 endoplasms
  7 giant cockroaches
  2 goblins
  4 hobgoblins
  2 jackals (D:4)
  3 quokkas
  5 bats
  4 frilled lizards
  7 kobolds
  8 rats
298 creatures vanquished.

Vanquished Creatures (collateral kills)
  A reaper (IceCv)
  A hydra (Lair:3)
  2 boulder beetles
  A centaur warrior (D:8)
  6 two-headed ogres
  3 thrashing horrors (Lair:6)
  2 deep trolls (Orc:2)
  A cyclops (Orc:2)
  3 ugly things
  A manticore (D:11)
  12 elephants
  4 black mambas
  Joseph (D:7)
  A torpor snail (Lair:6)
  2 rime drakes
  7 cane toads
  A gargoyle (D:12)
  7 komodo dragons
  2 kobold demonologists (D:12)
  A freezing wraith (IceCv)
  An ice devil (IceCv)
  2 entropy weaver simulacra (IceCv)
  3 burning bushes (Lair:2)
  8 trolls (Orc:2)
  5 polar bears
  2 hornets
  11 blink frogs
  Grinder (D:4)
  5 slime creatures
  A tarantella (shapeshifter) (Lair:6)
  3 dream sheep (Lair:6)
  A shadow (D:9)
  8 wraiths
  A human (D:3)
  A wyvern (Lair:6)
  21 yaks
  A hog (Lair:6)
  3 basilisks
  A chaos spawn (Lair:6)
  A death yak simulacrum (IceCv)
  2 steam dragons
  2 wargs
  Menkaure (D:5)
  Edmund (D:4)
  An acid dragon (D:8)
  9 water moccasins
  17 orc warriors
  An ice beast (D:5)
  2 black bears
  13 ogres
  3 wolves (Lair:5)
  12 centaurs
  2 phantoms (D:6)
  2 kobold brigands (D:12)
  4 bullfrogs
  2 necrophages (D:7)
  A gnoll sergeant (D:8)
  3 two-headed ogre simulacra (IceCv)
  A cane toad simulacrum (IceCv)
  2 scorpions (D:6)
  8 wights
  11 killer bees
  3 elephant simulacra (IceCv)
  4 electric eels (D:7)
  3 howler monkeys (D:7)
  2 small abominations (Lair:6)
  2 gnoll shamans
  2 hounds
  Crazy Yiuf (D:7)
  3 orc priests
  7 jellies
  2 iguanas (D:6)
  Ijyb (D:4)
  6 orc wizards
  2 troll simulacra (IceCv)
  4 spriggan simulacra (IceCv)
  A wolf simulacrum (IceCv)
  A nameless horror (D:7)
  15 gnolls
  2 adders
  4 naga simulacra (IceCv)
  5 white imps (IceCv)
  7 ufetubi (IceCv)
  40 orcs
  2 ball pythons (D:1)
  3 endoplasms
  4 goblins
  3 hobgoblins
  4 jackals
  7 kobolds
  2 quokkas
  A frilled lizard (D:2)
  A rat (D:1)
383 creatures vanquished.

Vanquished Creatures (others)
  An orc priest (D:3)
  A jackal skeleton (D:3)
  A bush (Lair:6)
  50 fungi
  58 plants
111 creatures vanquished.

Grand Total: 792 creatures vanquished

Notes
Turn   | Place    | Note
-------+----------+-------------------------------------------
     0 | D:1      | mea the Human Wanderer began the quest for the Orb.
     0 | D:1      | mea set off with the following items: a +0 dagger, a scroll
                  | of teleportation, a +0 robe, a +0 helmet; and the following
                  | spells available to memorise: Summon Small Mammal, Slow,
                  | Confusing Touch, Summon Ice Beast, Summon Lightning Spire
     0 | D:1      | Reached XP level 1. HP: 13/13 MP: 2/2
     2 | D:1      | Learned a level 1 spell: Summon Small Mammal
   257 | D:1      | Reached XP level 2. HP: 10/19 MP: 0/4
  1108 | D:1      | Reached XP level 3. HP: 22/24 MP: 3/5
  1481 | D:1      | Found a faded altar of an unknown god.
  2430 | D:2      | Learned a level 2 spell: Call Imp
  2461 | D:2      | Reached XP level 4. HP: 30/30 MP: 4/7
  2473 | D:2      | Reached skill level 1 in Throwing
  3198 | D:2      | Reached XP level 5. HP: 19/35 MP: 8/8
  4026 | D:3      | Found a runed translucent door.
  4026 | D:3      | Noticed a human
  4029 | D:3      | Found a basalt altar of Yredelemnul.
  4767 | D:3      | Killed a human
  4768 | D:3      | Reached skill level 5 in Summonings
  4768 | D:3      | Reached XP level 6. HP: 30/41 MP: 2/10
  4773 | D:3      | Learned a level 4 spell: Summon Ice Beast
  4778 | D:3      | Learned a level 4 spell: Summon Lightning Spire
  4938 | D:3      | Found an ornate altar of the Wu Jian Council.
  4944 | D:3      | Found a shimmering altar of Xom.
  4957 | D:3      | Found a snail-covered altar of Cheibriados.
  4993 | D:3      | Found Waki's Jewellery Boutique.
  5141 | D:4      | Noticed a black bear
  5146 | D:4      | Killed a black bear
  5147 | D:4      | Reached skill level 1 in Air Magic
  5147 | D:4      | Reached XP level 7. HP: 26/46 MP: 6/11
  5353 | D:4      | Identified the +2 leather armour of the Farrier {rElec
                  | MP+9}
  5389 | D:4      | Noticed Ijyb
  5396 | D:4      | Killed Ijyb
  5430 | D:3      | Reached skill level 2 in Air Magic
  6411 | D:3      | Reached skill level 3 in Air Magic
  7171 | D:4      | Noticed Grinder
  7631 | D:4      | Reached XP level 8. HP: 52/52 MP: 12/12
  7946 | D:4      | Reached skill level 4 in Air Magic
  7990 | D:5      | Entered Level 5 of the Dungeon
  8010 | D:5      | Found a burning altar of Makhleb.
  8010 | D:5      | Noticed a green death
  8042 | D:5      | Noticed Edmund
  8043 | D:5      | Noticed Menkaure
  8073 | D:5      | Found a staircase to the Ecumenical Temple.
  8087 | Temple   | Entered the Ecumenical Temple
  8375 | Temple   | Became a worshipper of Sif Muna the Loreminder
  8936 | D:4      | Killed Edmund
  8937 | D:4      | Reached skill level 5 in Air Magic
  9146 | D:5      | Found an iron altar of Okawaru.
  9174 | D:5      | Killed Menkaure
  9453 | D:5      | Noticed Eustachio
  9465 | D:5      | Identified the +1 arbalest "Veasiakk" {elec, Str+2}
  9482 | D:5      | Killed Eustachio
  9483 | D:5      | Reached XP level 9. HP: 57/57 MP: 14/14
  9868 | D:6      | Reached skill level 6 in Air Magic
 10035 | D:6      | Reached skill level 7 in Air Magic
 10662 | D:4      | Paralysed by Grinder for 3 turns
 10674 | D:4      | Killed Grinder
 11062 | D:6      | Reached skill level 8 in Air Magic
 11628 | D:7      | Found a broken altar of Ashenzari.
 11973 | D:7      | Reached skill level 9 in Air Magic
 12131 | D:7      | Noticed Joseph
 12365 | D:7      | Reached XP level 10. HP: 41/63 MP: 17/17
 12432 | D:6      | Reached skill level 5 in Spellcasting
 12719 | D:7      | Reached * piety under Sif Muna
 13346 | D:7      | Found a runed translucent door.
 13347 | D:7      | Noticed Crazy Yiuf
 13618 | D:7      | Killed Joseph
 13757 | D:7      | Killed Crazy Yiuf
 13809 | D:7      | Found Ohovyst's Distillery.
 13817 | D:7      | Bought a potion of might for 60 gold pieces
 13817 | D:7      | Bought a potion of berserk rage for 75 gold pieces
 13817 | D:7      | Bought a potion of magic for 120 gold pieces
 13887 | D:7      | Identified a scroll of acquirement
 13887 | D:7      | Acquired 1010 gold pieces
 13982 | D:3      | Bought the amulet of the Lily {Will+ Regen+ Str+4 Dex+4}
                  | for 772 gold pieces
 14921 | D:8      | Noticed a centaur warrior
 14935 | D:8      | Killed a centaur warrior
 14936 | D:8      | Reached XP level 11. HP: 33/75 MP: 22/22
 15549 | D:9      | Reached ** piety under Sif Muna
 15561 | D:9      | Learned a level 5 spell: Freezing Cloud
 15610 | D:9      | Found a staircase to the Lair.
 15611 | D:9      | Found a hide-covered altar of Uskayaw.
 15655 | D:9      | Found an opulent altar of Gozag.
 15787 | D:9      | Reached skill level 1 in Ice Magic
 15844 | D:9      | Found a flagged portal.
 15850 | Bailey   | Entered a bailey
 16202 | Bailey   | Reached skill level 5 in Dodging
 17166 | D:9      | Reached *** piety under Sif Muna
 17735 | D:10     | Entered Level 10 of the Dungeon
 17863 | D:10     | Reached skill level 5 in Fighting
 18041 | D:10     | Reached skill level 1 in Conjurations
 18172 | D:10     | Reached skill level 5 in Ice Magic
 18293 | D:10     | Reached XP level 12. HP: 86/86 MP: 25/25
 18490 | D:10     | Noticed a two-headed ogre
 18497 | D:10     | Killed a two-headed ogre
 18626 | D:10     | Noticed a boulder beetle
 18648 | D:10     | Killed a boulder beetle
 18748 | D:10     | Found a staircase to the Orcish Mines.
 19285 | Lair:1   | Entered Level 1 of the Lair of Beasts
 19633 | Lair:1   | Found an opulent altar of Gozag.
 19644 | Lair:1   | Reached skill level 1 in Evocations
 19833 | Lair:1   | Reached **** piety under Sif Muna
 20223 | Lair:1   | Reached skill level 10 in Spellcasting
 20359 | Lair:1   | Reached skill level 1 in Invocations
 21280 | Lair:2   | Reached XP level 13. HP: 76/91 MP: 27/27
 21442 | Lair:2   | Noticed a seven-headed hydra
 21519 | Lair:2   | Reached skill level 10 in Air Magic
 21585 | Lair:2   | Reached skill level 5 in Conjurations
 21619 | Lair:2   | Noticed a five-headed hydra
 21625 | Lair:2   | Killed a five-headed hydra
 21784 | Lair:2   | Reached skill level 5 in Invocations
 21787 | Lair:2   | Reached skill level 11 in Air Magic
 22182 | Lair:3   | Noticed a seven-headed hydra
 22189 | Lair:3   | Killed a seven-headed hydra
 22358 | Lair:3   | Noticed Gastronok
 22388 | Lair:3   | Killed Gastronok
 22663 | Lair:3   | Reached ***** piety under Sif Muna
 22693 | Lair:3   | Found a staircase to the Shoals.
 23116 | Lair:4   | Reached skill level 12 in Air Magic
 23226 | Lair:4   | Found a staircase to the Snake Pit.
 23229 | Lair:4   | Noticed a six-headed hydra
 23239 | Lair:4   | Killed a six-headed hydra
 23361 | Lair:4   | Identified the +0 pair of gloves of the Heron {rN+ Dex+3}
 23589 | Lair:4   | Received a gift from Sif Muna
 23590 | Lair:4   | Got Sif Muna's Guide on the Traveller {god gift}
 23777 | Lair:4   | Reached XP level 14. HP: 69/98 MP: 27/28
 24731 | Lair:5   | Found a blossoming altar of Fedhas.
 25117 | Lair:6   | Entered Level 6 of the Lair of Beasts
 25117 | Lair:6   | Noticed Josephine
 25117 | Lair:6   | Found a staircase to the Slime Pits.
 25135 | Lair:6   | Found a runed translucent door.
 25135 | Lair:6   | Found a shimmering altar of Xom.
 25135 | Lair:6   | Noticed pigah's ghost (journeyman OpAE)
 25135 | Lair:6   | Identified the +7 great mace of Noowylou {chaos, rCorr MP+9
                  | Str-2 Int+4}
 25165 | Lair:6   | Learned a level 5 spell: Lightning Bolt
 25174 | Lair:6   | Found a frozen archway.
 25213 | Lair:6   | Reached skill level 13 in Air Magic
 25359 | IceCv    | Entered an ice cave
 25865 | IceCv    | Found the +3 Mad Mage's Maulers {Infuse+∞ RegenMP Int-3}
 25963 | IceCv    | Received a gift from Sif Muna
 25980 | IceCv    | Got Sif Muna's Papyrus of Battle Magic {god gift}
 26515 | IceCv    | Noticed a reaper
 26578 | IceCv    | Killed a reaper
 26771 | IceCv    | Got the Collected Works on the Glacier
 27743 | Lair:6   | Killed Josephine
 27859 | Lair:6   | Noticed Nessos
 27861 | Lair:6   | Noticed Nessos
 27861 | Lair:6   | Nessos changed into Nessos the hog
 27867 | Lair:6   | Killed Nessos the hog
 28096 | Lair:6   | Reached skill level 10 in Invocations
 28099 | Lair:6   | Received a gift from Sif Muna
 28100 | Lair:6   | Got Sif Muna's Collected Works on the Snowflakes {god gift}
 28191 | Lair:6   | Reached XP level 15. HP: 98/103 MP: 21/29
 28269 | Lair:6   | Reached skill level 14 in Air Magic
 29537 | Lair:6   | Found a corrupted altar of Lugonu.
 29537 | Lair:6   | Found a one-way gate to the infinite horrors of the Abyss.
 29838 | Orc:1    | Entered Level 1 of the Orcish Mines
 29894 | D:10     | Received a gift from Sif Muna
 29899 | D:10     | Got Kitazaergh's Papyrus of the Virous Traveller {god gift}
 29917 | D:10     | Learned a level 2 spell: Static Discharge
 30112 | Orc:1    | Learned a level 8 spell: Maxwell's Capacitive Coupling
 30137 | Orc:2    | Entered Level 2 of the Orcish Mines
 30224 | Orc:2    | Found a runed translucent gate.
 30225 | Orc:2    | Found a runed translucent gate.
 30226 | Orc:2    | Found a runed translucent gate.
 30242 | Orc:2    | Found Sunt's Distillery.
 30244 | Orc:2    | Noticed jimonade's ghost (journeyman DjCj)
 30245 | Orc:2    | Reached skill level 15 in Air Magic
 30684 | Orc:2    | Reached skill level 16 in Air Magic
 30801 | Orc:2    | Found Busch's General Store.
 30806 | Orc:2    | Found Cikhiuq's Jewellery Boutique.
 30834 | Orc:2    | Found Opsao's Book Shoppe.
 30968 | Orc:2    | Found a staircase to the Elven Halls.
 31374 | D:11     | Learned a level 5 spell: Summon Forest
 31420 | D:11     | Found a broken altar of Ashenzari.
 31483 | D:10     | Received a gift from Sif Muna
 31484 | D:10     | Got Pirhet's Disquisition on Malediction and Confrontation
                  | {god gift}
 31544 | D:10     | Reached skill level 1 in Translocations
 32657 | D:12     | Reached XP level 16. HP: 46/109 MP: 25/30
 33079 | D:12     | Found a runed translucent gate.
 33079 | D:12     | Found a runed translucent gate.
 33080 | D:12     | Found a runed translucent gate.
 33083 | D:12     | Noticed Zaklogox's ghost (journeyman MiFi)
 33371 | D:12     | Noticed Lodul
 33379 | D:12     | Killed Lodul
 33999 | D:12     | Found an iron altar of Okawaru.
 34011 | D:12     | Slain by Zaklogox's ghost

Illustrated notes

Levels and vault maps discovered:
D:1:      lightli_iron_boxes, layout_loops_corners,
          shapermc_ecumenical_altar_petra, moated_statue
D:2:      kennysheep_six_static_rooms, layout_basic, minmay_bisected
D:3:      layout_loops_ring, minmay_overflow_temple_star_quad,
          dk_yredelemnul_ordeal, serial_shops, nicolae_square_shop,
          minmay_misc_feat_secret_circle
D:4:      layout_rooms, uniq_grinder, uniq_ijyb
D:5:      layout_basic, makhleb_altar_promises_db, okawaru_ov_weapons_minmay,
          minmay_temple_entry_drinking_statues, uniq_menkaure, uniq_edmund,
          uniq_eustachio
D:6:      layout_basic, minmay_puff
D:7:      layout_cave_pools, kennysheep_little_box, serial_bayou,
          serial_bayou_crossing, serial_bayou_lake_a, serial_bayou_pond_e,
          serial_bayou_shore_b, serial_shops, shop, dk_vineyard_3, uniq_joseph,
          uniq_crazy_yiuf_cottage
D:8:      layout_loops_ring, grunt_ministairs_7, due_unseen_surprise
D:9:      layout_basic, overflow_temple_1_default,
          nicolae_gozag_cash_rules_everything_around_me, lair_entry_dummy,
          enter_bailey_3
D:10:     layout_loops_corners, david_orc_1_choice, dk_noncrumbling_4
D:11:     minmay_wavy_crystal, layout_basic, ashenzari_conservatory_becter
D:12:     layout_loops_corners, gammafunk_ghost_fury_of_okawaru,
          hangedman_decor_slide_cut, uniq_lodul
Temple:   oiseaux_autumnal_temple
Lair:1:   layout_small_grid, basic_altar, dreamdust_mushroom_princess
Lair:2:   nzn_winding_woodlands_medium [nzn_winding_woodlands_5x5_checkerboard,
          nzn_winding_woodlands_5x15_eye, nzn_winding_woodlands_5x5_perimeter,
          nzn_winding_woodlands_5x5_closed_star,
          nzn_winding_woodlands_center_lodge, nzn_winding_woodlands_5x5_three,
          nzn_winding_woodlands_hourglass,
          nzn_winding_woodlands_5x15_river_crossing,
          nzn_winding_woodlands_5x5_default], layout_regular_city,
          evilmike_ambush [evilmike_ambush_outer_basic,
          evilmike_ambush_inner_pond]
Lair:3:   layout_misc_corridors, minmay_shoals_entry_centaurs,
          chequers_serial_rivers_small_3, minivault_19, serial_bayou_shore_b,
          uniq_gastronok
Lair:4:   layout_layer_cave, guppyfry_snake_entry_garden, serial_bayou_shore_b
Lair:5:   layout_cave_shapes, basic_altar
Lair:6:   hellmonk_lair_end_abyssal_woods, layout_long_grid,
          minmay_slime_entry_pillars, ebering_ghost_xom,
          portal_ice_cave_entry_pillars_1, uniq_josephine, uniq_nessos
Orc:1:    layout_caves
Orc:2:    st_orc_open, layout_diamond_mine, gauntlet_entry_generic,
          gammafunk_ghost_necromancy, basic_altar

Skill      XL: |  1  2  3  4  5  6  7  8  9 10 11 12 13 14 15 16 |
---------------+-------------------------------------------------+-----
Spellcasting   | 2 3 4 7 9 10 | 10.3
Summonings     | 4 5 6 7 8 9 |  9.0
Throwing       | 1 2 |  2.0
Air Magic      | 1 3 5 9 12 13 16 | 16.3
Fighting       | 3 5 |  5.7
Dodging        | 5 |  5.0
Ice Magic      | 5 7 |  7.0
Conjurations   | 1 4 6 8 9 |  9.0
Evocations     | 3 4 |  4.0
Invocations    | 3 7 10 11 | 11.0
Translocations | 2 3 |  3.6
Stealth        | |  1.0
Hexes          | |  2.0

Action                   |  1- 3 |  4- 6 |  7- 9 | 10-12 | 13-15 | 16-18 || total
-------------------------+-------+-------+-------+-------+-------+-------++-------
Melee: Dagger            |    51 |    67 |   211 |    30 |       |       ||   359
       Short sword       |    21 |    16 |       |       |       |       ||    37
       Punch             |       |       |     4 |     2 |     3 |       ||     9
       Spear             |       |       |       |   222 |   387 |       ||   609
       Lajatang          |       |       |       |       |    84 |    22 ||   106
Throw: Dart              |       |     4 |     5 |     5 |       |       ||    14
 Cast: Summon Small Mamm |    44 |     6 |    12 |       |       |       ||    62
       Call Imp          |     1 |    20 |    45 |     9 |     2 |       ||    77
       Summon Lightning  |       |       |    22 |   102 |   109 |     7 ||   240
       Summon Ice Beast  |       |       |       |    55 |    55 |     1 ||   111
       Freezing Cloud    |       |       |       |     1 |    68 |     6 ||    75
       Lightning Bolt    |       |       |       |       |     7 |     2 ||     9
       Static Discharge  |       |       |       |       |    16 |     4 ||    20
       Summon Forest     |       |       |       |       |     4 |     2 ||     6
Evoke: Wand              |       |       |       |       |     7 |       ||     7
       Box of beasts     |       |       |       |       |       |     1 ||     1
       Phantom mirror    |       |       |       |       |       |     1 ||     1
  Use: Scroll            |     2 |       |     4 |    13 |    13 |     2 ||    34
       Potion            |       |     1 |     2 |       |     4 |     1 ||     8
 Stab: Sleeping          |       |     4 |       |     1 |     1 |       ||     6
       Distracted        |       |       |     2 |     6 |     6 |     1 ||    15
       Betrayed ally     |       |       |       |     1 |       |       ||     1
       Paralysed         |       |       |       |       |     3 |       ||     3
Armor: Robe              |    32 |    15 |       |       |   163 |     8 ||   218
       Leather armour    |       |       |    84 |   111 |   114 |       ||   309
Dodge: Dodged            |    46 |    50 |   184 |   222 |   573 |    21 ||  1096

Table legend: (Time is in decaauts)
 A = Elapsed time spent in this place.
 B = Non-inter-level travel time spent in this place.
 C = Inter-level travel time spent in this place.
 D = Time resting spent in this place.
 E = Time spent auto-exploring this place.
 F = Levels seen in this place.
 G = Mean time per level.
                   A        B        C        D        E       F      G
               +--------+--------+--------+--------+--------+-----+--------+
         Total |  34239 |  32369 |   1870 |   9080 |  16142 |  23 | 1488.7 |
       Dungeon |  21094 |  19678 |   1416 |   5837 |  10070 |  12 | 1757.8 |
        Temple |    312 |    264 |     48 |      0 |    249 |   1 |  312.0 |
          Lair |   8884 |   8517 |    367 |   2140 |   4451 |   6 | 1480.7 |
  Orcish Mines |   1252 |   1214 |     38 |    157 |    676 |   2 |  626.0 |
        Bailey |   1000 |   1000 |      0 |    318 |    291 |   1 | 1000.0 |
      Ice Cave |   1694 |   1694 |      0 |    628 |    405 |   1 | 1694.0 |
               +--------+--------+--------+--------+--------+-----+--------+

Top non-repeatable levels by time:
     D:3: 3006 daAuts
  Lair:6: 2584 daAuts
     D:4: 2241 daAuts
     D:2: 2004 daAuts
     D:7: 1977 daAuts
    D:10: 1738 daAuts
     D:6: 1726 daAuts
   IceCv: 1694 daAuts
     D:1: 1649 daAuts
  Lair:2: 1627 daAuts
    D:12: 1477 daAuts
     D:8: 1439 daAuts
  Lair:4: 1412 daAuts
     D:9: 1381 daAuts
  Lair:1: 1278 daAuts
